 Dungeon Crawl Stone Soup version 0.26-a0-812-g31a745ddcd (webtiles) character file.

Game seed: 11308272146306920649

361 kae the Ruffian (level 6, -2/50 HPs)
             Began as a Draconian Transmuter on Nov 24, 2020.
             Splashed by Ijyb's acid (10 damage)
             ... on level 4 of the Dungeon.
             The game lasted 00:02:30 (3983 turns).

kae the Ruffian (Draconian Transmuter)              Turns: 3983, Time: 00:02:31

Health: -2/50      AC: -2    Str: 15    XL:     6   Next: 38%
Magic:  7/10       EV: 20    Int: 13    God:
Gold:   251        SH:  0    Dex: 16    Spells: 6/10 levels left

rFire    . . .     SeeInvis .     - Unarmed
rCold    . . .     Faith    .   (shield currently unavailable)
rNeg     . . .     Spirit   .   (armour unavailable)
rPois    x         Reflect  .   (helmet currently unavailable)
rElec    .         Harm     .   (cloak currently unavailable)
rCorr    .         Rampage  .   (gloves currently unavailable)
MR       .....                  (boots currently unavailable)
Stlth    +.........             e - amulet of magic regeneration
HPRegen  0.16/turn              (no ring)
MPRegen  0.37/turn              (no ring)

@: spider-form, corroded
A: tiny, unfitting armour, AC +6
a: End Transformation


You were on level 4 of the Dungeon.
You were a venomous arachnid creature.
You visited 1 branch of the dungeon, and saw 4 of its levels.

You collected 251 gold pieces.

Inventory:

Jewellery
 e - an amulet of magic regeneration (around neck)
Wands
 c - a wand of polymorph (7)
 p - a wand of iceblast (7)
Scrolls
 a - 2 scrolls of enchant armour {unknown}
 b - a scroll of immolation
 d - 4 scrolls of remove curse
 f - 2 scrolls of teleportation
 n - a scroll of identify
 o - a scroll of noise {unknown}
Potions
 g - 3 potions of invisibility
 h - 4 potions of heal wounds {unknown}
 i - a potion of mutation {unknown}
 j - 3 potions of lignification {unknown}
 k - a potion of flight {unknown}
 l - a potion of ambrosia {unknown}
 m - 2 potions of might {unknown}
 q - a potion of attraction {unknown}


   Skills:
 + Level 2.7 Fighting
 + Level 2.7 Dodging
 * Level 4.4 Unarmed Combat
 + Level 2.9 Spellcasting
 * Level 3.9 Transmutations
 * Level 1.2 Poison Magic


You had 6 spell levels left.
You knew the following spells:

 Your Spells              Type           Power        Failure   Level
a - Beastly Appendage     Tmut           ##....       14%         1
b - Spider Form           Tmut/Pois      #.........   45%         3

Your spell library contained the following spells:

 Spells                   Type           Power        Failure   Level
 Wereblood                Tmut           ##......     19%         2
 Ice Form                 Ice/Tmut       #.......     87%         4
 Blade Hands              Tmut           ##........   90%         5


Dungeon Overview and Level Annotations

Branches:
Dungeon (4/15)
 Temple: D:4-7

Altars:
Kikubaaqudgha
Xom

Annotations:
D:4 Ijyb


Innate Abilities, Weirdness & Mutations

((Your plain brown scales are hard. (AC +6)))
You cannot fit into any form of body armour.
((You are cold-blooded and may be slowed by cold attacks.))


Message History

You kill the quokka!
No target in view!
No target in view!
Your transformation is almost over.
Your transformation has ended.
q - a blue potion No target in view!
No target in view!
Ijyb the Twisted Goblin comes into view.
She is wielding a +5 club and carrying a wand of acid (6).
Ijyb is nearby!
Ijyb is nearby!
Ijyb is nearby!
Ijyb zaps a wand.
The bolt of acid hits you!!
You are splashed with acid!
Casting: Spider Form (dangerous; 24% risk of failure)
Confirm with . or Enter, or press ? or * to list all spells.
You turn into a venomous arachnid creature.
Ijyb zaps a wand.
The bolt of acid hits you!
* * * LOW HITPOINT WARNING * * *
The acid corrodes you!
You are splashed with acid!
You die...

....(...#.#
..........#
#####..#### ##.#
#.# #.# #.#
#.#################
#..........s...g...
###################


You could see Ijyb.

Vanquished Creatures
  Sigmund (D:2)
  Jessica (D:2)
  2 worker ants (D:4)
  4 adders
  An ooze (D:1)
  4 dart slugs
  6 leopard geckos
  9 bats
  4 bat skeletons (D:3)
  2 bat zombies (D:3)
  3 giant cockroaches
  5 hobgoblins
  9 jackals
  2 quokkas (D:4)
  4 frilled lizards
  6 goblins
  6 kobolds
  7 rats
76 creatures vanquished.

Notes
Turn   | Place    | Note
-------+----------+-------------------------------------------
     0 | D:1      | kae the Draconian Transmuter began the quest for the Orb.
     0 | D:1      | Reached XP level 1. HP: 16/16 MP: 3/3
   204 | D:1      | Reached XP level 2. HP: 21/23 MP: 3/5
   798 | D:1      | Reached XP level 3. HP: 28/28 MP: 6/6
   803 | D:1      | Learned a level 3 spell: Spider Form
  1635 | D:2      | Found a shimmering altar of Xom.
  1635 | D:2      | Noticed Sigmund
  1642 | D:2      | Found a shimmering altar of Xom.
  1844 | D:2      | Killed Sigmund
  1844 | D:2      | Reached skill level 4 in Unarmed Combat
  1844 | D:2      | Reached XP level 4. HP: 37/37 MP: 3/8
  1844 | D:2      | Reached XP level 5. HP: 42/42 MP: 3/9
  2073 | D:2      | Found a shimmering altar of Xom.
  2074 | D:2      | Found a shimmering altar of Xom.
  2075 | D:2      | Found a shimmering altar of Xom.
  2076 | D:2      | Found a shimmering altar of Xom.
  2271 | D:2      | Noticed Jessica
  2277 | D:2      | Killed Jessica
  2598 | D:3      | Reached XP level 6. HP: 45/50 MP: 8/10
  3346 | D:3      | Found an ancient bone altar of Kikubaaqudgha.
  3495 | D:4      | Reached skill level 1 in Poison Magic
  3979 | D:4      | Noticed Ijyb
  3983 | D:4      | Splashed by Ijyb's acid

Illustrated notes

Levels and vault maps discovered:
D:1:      onia_arrival_mini_maze, layout_rooms, minmay_hedge_maze,
          serial_bayou_lake_a
D:2:      layout_loops_ring, xom_redecorated, uniq_sigmund, uniq_jessica
D:3:      layout_basic, kennysheep_vampire_church
D:4:      layout_basic, minmay_misc_feat_rows, minmay_misc_feat_secret_circle,
          led_sif_book, uniq_ijyb

Skill      XL: |  1  2  3  4  5  6 |
---------------+-------------------+-----
Dodging        | 2 |  2.7
Fighting       | 2 |  2.7
Unarmed Combat | 4 |  4.4
Transmutations | 3 |  3.9
Poison Magic   | 1 |  1.2
Spellcasting   | |  2.9

Action                   |  1- 3 |  4- 6 || total
-------------------------+-------+-------++-------
Melee: Unarmed           |   244 |   110 ||   354
       Kick              |    11 |     7 ||    18
       Tailslap          |    48 |     5 ||    53
       Headbutt          |     2 |     8 ||    10
       Punch             |     3 |       ||     3
 Cast: Beastly Appendage |    16 |    14 ||    30
       Spider Form       |     1 |     9 ||    10
  Use: Scroll            |     3 |     3 ||     6
 Stab: Sleeping          |     1 |       ||     1
       Confused          |     1 |       ||     1
Armor: Skin              |    37 |    42 ||    79
Dodge: Dodged            |    72 |   108 ||   180

Table legend: (Time is in decaauts)
 A = Elapsed time spent in this place.
 B = Non-inter-level travel time spent in this place.
 C = Inter-level travel time spent in this place.
 D = Time resting spent in this place.
 E = Time spent auto-exploring this place.
 F = Levels seen in this place.
 G = Mean time per level.
                   A        B        C        D        E       F      G
               +--------+--------+--------+--------+--------+-----+--------+
         Total |   4002 |   3923 |     79 |    159 |   3051 |   4 | 1000.5 |
       Dungeon |   4002 |   3923 |     79 |    159 |   3051 |   4 | 1000.5 |
               +--------+--------+--------+--------+--------+-----+--------+

Top non-repeatable levels by time:
     D:1: 1492 daAuts
     D:2: 1109 daAuts
     D:3: 861 daAuts
     D:4: 538 daAuts
